Selects Australian Defense Battlegroup
Selects Australian Light Infantry Section
Australian Light Infantry Section
Construct Section Command Post
Australian Light Infantry Section
Construct Platoon Command Post
Selects 2-pounder Anti-tank Gun Team
2-pounder Anti-tank Gun Team
Unlock M3 Stuart Light Tanks
Construct Field Infirmary
Selects Vehicle Over Repair
2-pounder Anti-tank Gun Team
2-pounder Anti-tank Gun Team
Selects CMP 15cwt Supply Run
Selects Artillery Trip Wire Flares